 Dungeon Crawl Stone Soup version 0.29.0-13-gc9e81de378 (webtiles) character file.

Game seed: 7323607335453010430

9 Artool the Ducker (level 2, 15/22 HPs)
             Began as a Demonspawn Gladiator on Sept 8, 2022.
             Quit the game on level 1 of the Dungeon.
             The game lasted 00:00:41 (195 turns).

Artool the Ducker (Demonspawn Gladiator)             Turns: 195, Time: 00:00:41

Health: 15/22      AC:  4    Str: 14    XL:     2   Next: 3%
Magic:  2/2        EV: 12    Int:  9    God:
Gold:   14         SH:  0    Dex: 14    Spells: 1/1 levels left

rFire   . . .      SeeInvis .   a - +0 flail
rCold   . . .      Faith    .   (no shield)
rNeg    . . .      Spirit   .   b - +0 leather armour
rPois   .          Reflect  .   c - +0 helmet
rElec   .          Harm     .   (no cloak)
rCorr   .          Rampage  .   (no gloves)
Will    .....                   (no boots)
Stlth   +.........              (no amulet)
HPRegen 0.07/turn               (no ring)
MPRegen 0.16/turn               (no ring)

@: no status effects
A: magic regeneration
a: no special abilities


You were on level 1 of the Dungeon.
You visited 1 branch of the dungeon, and saw 1 of its levels.

You collected 14 gold pieces.

Inventory:

Hand Weapons
 a - a +0 flail (weapon)
Missiles
 d - 3 throwing nets (quivered)
 e - a javelin
Armour
 b - a +0 leather armour (worn)
 c - a +0 helmet (worn)
Scrolls
 f - a scroll of enchant armour {unknown}
 g - a scroll of teleportation {unknown}
 j - a scroll of identify {unknown}
Potions
 h - a potion of curing {unknown}
 i - a potion of ambrosia {unknown}


   Skills:
 + Level 2.2 Fighting
 + Level 2.8 Maces & Flails
 - Level 1.7 Throwing
 + Level 0.5 Armour
 + Level 2.8 Dodging


You had one spell level left.
You didn't know any spells.
Your spell library was empty.

Dungeon Overview and Level Annotations

Branches:
Dungeon (1/15)

Altars:


Innate Abilities, Weirdness & Mutations

You regenerate magic rapidly.


Message History

The kobold shouts!
The kobold throws a stone.
The stone closely misses you. The kobold barely misses you.
You closely miss the kobold. The kobold misses you.
The kobold closely misses you.
You sock the kobold!
You kill the kobold!
The kobold hits you with a +0 short sword.
The kobold closely misses you.
You barely miss the kobold. The kobold misses you.
You miss the kobold. Your punch misses the kobold.
The kobold closely misses you.
You closely miss the kobold. The kobold closely misses you.
You thump the kobold!
You kill the kobold!
No target in view!
No target in view!
i - a clear potion No target in view!
No target in view!
No target in view!
j - a scroll labelled YNNEDIFACH No target in view!
No target in view!
An endoplasm comes into view.
The endoplasm quivers.
Found a fuming coppery potion.
An endoplasm is nearby!
The endoplasm freezes you.
You are frozen.
You hit the endoplasm.
The endoplasm is almost dead.
The endoplasm freezes you.
You are frozen.
You hit the endoplasm.
You kill the endoplasm!
You have reached level 2!
Your demonic ancestry asserts itself...
Your magic begins to regenerate rapidly.
Are you sure you want to abandon this character and quit the game? (Confirm with "yes".)

#............
#....).......
##...).......
#......###+ ##
#......# ...
####...# .... #...#
.....
#####...#####......
...........@.......
.####.........##.!.
#######+..# ###


There were no monsters in sight!

Vanquished Creatures
  An endoplasm (D:1)
  A giant cockroach (D:1)
  A goblin (D:1)
  A hobgoblin (D:1)
  2 kobolds (D:1)
  A rat (D:1)
7 creatures vanquished.

Notes
Turn   | Place    | Note
-------+----------+-------------------------------------------
     0 | D:1      | Artool the Demonspawn Gladiator began the quest for the
                  | Orb.
     0 | D:1      | Reached XP level 1. HP: 16/16 MP: 1/1
   195 | D:1      | Gained mutation: You regenerate magic rapidly. [demonic
                  | ancestry]
   195 | D:1      | Reached XP level 2. HP: 15/22 MP: 2/2
   195 | D:1      | Quit the game

Illustrated notes

Levels and vault maps discovered:
D:1:      ebering_hopf_link, layout_basic, serial_forest,
          infiniplex_forest_join, infiniplex_forest_lined_room_3,
          infiniplex_forest_end_3, infiniplex_forest_clump_small,
          infiniplex_forest_diagonal, infiniplex_forest_straight_3,
          infiniplex_forest_corner_1, kennysheep_pointless_box,
          reono_crystal_passage

Action                   || total
-------------------------++-------
Melee: Flail             ||    26
Armor: Leather armour    ||     4
Dodge: Dodged            ||    24
